AoeStats
← KorelBorel

MegaRandom

509615219Analyzed
3v3 RM · 6d ago on Sep 27, 2026· 59m 3s· 6 players
Game mode
Random Map
Map size
Normal (6 player)
Population
200
Speed
Normal
Resources
Standard
Victory
Conquest
Starting age
Dark Age
Ending age
Imperial Age
RankedLock teamsTeams togetherTeam positionsShared explorationLock speedFull tech treeHidden civsTurbo modeCheats
Victory
Defeat
🇹🇷 Cumans · Türkiye
822
+15
🇹🇷 Wei · Türkiye
773
+17
🇹🇷 Maya · Türkiye
770
+17
🇬🇧 Persians · United Kingdom
819
-17
🇹🇼 Mongols · Taiwan
812
-17
🇩🇪 Turks · Germany
762
-15
Mevt
9:37 Loom
14:35 Feudal Age
15:35 Double-Bit Axe
15:31 Horse Collar
22:22 Town Watch
23:14 Wheelbarrow
28:15 Castle Age
27:54 Padded Archer Armor
27:45 Fletching
32:58 Imperial Age
30:49 Padded Archer Armor
30:40 Fletching
31:21 Gold Mining
31:21 Stone Mining
32:06 Bow Saw
32:56 Thumb Ring
33:14 Leather Archer Armor
32:54 Bodkin Arrow
34:34 Parthian Tactics
34:15 Squires
33:51 Pikeman
34:17 Arson
36:12 Gold Shaft Mining
35:52 Forging
37:40 Heavy Cavalry Archer
39:43 Ring Archer Armor
39:48 Iron Casting
39:14 Scale Mail Armor
39:23 Capped Ram
41:21 Halberdier
47:10 Hand Cart
46:55 Town Patrol
48:17 Elite Skirmisher
keskek
15:10 Feudal Age
15:42 Man-at-Arms
16:23 Double-Bit Axe
22:36 Scale Mail Armor
22:48 Forging
25:45 Castle Age
26:41 Eagle Warrior
27:23 Squires
29:50 Gold Mining
29:51 Stone Mining
30:16 Bow Saw
29:52 Horse Collar
33:19 Thumb Ring
32:37 Crossbowman
46:40 Imperial Age
47:20 Ballistics
48:08 Conscription
49:24 Elite Plumed Archer
53:48 Padded Archer Armor
53:38 Fletching
55:56 Bodkin Arrow
56:16 Leather Archer Armor
57:05 Chemistry
Stephan Carlsen
4:08 Loom
15:18 Feudal Age
16:01 Horse Collar
16:09 Double-Bit Axe
17:19 Gold Mining
17:22 Stone Mining
18:41 Town Watch
20:16 Wheelbarrow
25:22 Castle Age
27:06 Hand Cart
27:50 Bow Saw
28:19 Gold Shaft Mining
28:28 Stone Shaft Mining
31:57 Scale Barding Armor
32:02 Forging
39:23 Husbandry
40:28 Bloodlines
40:43 Heavy Plow
53:08 Chain Barding Armor
59:22 Caravan
KorelBorel
10:34 Loom
14:11 Feudal Age
14:44 Double-Bit Axe
14:48 Horse Collar
22:19 Bloodlines
24:16 Bloodlines
26:24 Castle Age
24:48 Fletching
26:04 Gold Mining
27:21 Bodkin Arrow
27:36 Forging
30:40 Bow Saw
32:49 Fervor
38:28 Imperial Age
36:22 Ballistics
44:28 Stone Mining
45:26 Thumb Ring
46:13 Heavy Cavalry Archer
47:19 Parthian Tactics
48:23 Squires
52:33 Parthian Tactics
53:03 Iron Casting
52:47 Bracer
53:20 Sipahi
johnsonzhan121
6:13 Loom
15:01 Feudal Age
15:40 Double-Bit Axe
16:00 Horse Collar
17:24 Scale Barding Armor
17:31 Forging
18:50 Wheelbarrow
18:01 Town Watch
18:35 Bloodlines
23:59 Castle Age
22:20 Gold Mining
23:39 Fletching
24:56 Thumb Ring
24:48 Bodkin Arrow
24:54 Padded Archer Armor
25:51 Husbandry
25:14 Light Cavalry
30:56 Leather Archer Armor
31:03 Chain Barding Armor
36:43 Imperial Age
34:29 Hand Cart
35:12 Ballistics
35:51 Leather Archer Armor
37:27 Bracer
39:58 Iron Casting
40:14 Hussar
ariel0306
16:58 Feudal Age
17:24 Double-Bit Axe
17:44 Loom
18:51 Horse Collar
24:16 Castle Age
23:14 Scale Barding Armor
23:04 Town Watch
25:37 Wheelbarrow
26:36 Bow Saw
26:53 Forging
26:50 Husbandry
28:31 Heavy Plow
35:14 Gold Mining
38:41 Imperial Age
39:37 Stone Mining
Connection lost

Rejoining the realm…

Still unreachable

The connection could not be restored.

Session expired

The server has moved on; the page needs a fresh start.